AoeStats
← [GDL] HANNIBAL

Arena

505545452Analyzed
1v1 RM · 22d ago on Sep 9, 2026· 58m 41s· 2 players
Game mode
Random Map
Map size
Tiny (2 player)
Population
200
Speed
Normal
Resources
Standard
Victory
Conquest
Starting age
Dark Age
Ending age
Imperial Age
RankedLock teamsTeams togetherTeam positionsShared explorationLock speedFull tech treeHidden civsTurbo modeCheats
Victory
Defeat
🇩🇪 Teutons · Germany
1403
+12
🇲🇽 Italians · Mexico
1323
-12
shitl
4:59 Loom
8:23 Feudal Age
9:32 Double-Bit Axe
14:17 Fletching
16:42 Horse Collar
22:03 Castle Age
20:58 Town Watch
21:48 Wheelbarrow
22:56 Bodkin Arrow
23:05 Gold Mining
23:05 Stone Mining
24:04 Guard Tower
32:23 Imperial Age
34:38 Chemistry
39:32 Scale Mail Armor
39:42 Forging
39:41 Man-at-Arms
40:21 Squires
40:07 Gambesons
41:12 Long Swordsman
42:04 Two-Handed Swordsman
45:02 Bow Saw
45:15 Heavy Plow
46:19 Chain Mail Armor
46:25 Champion
47:40 Plate Mail Armor
47:53 Hand Cart
48:53 Iron Casting
51:19 Blast Furnace
50:58 Crop Rotation
52:14 Siege Engineers
54:33 Masonry
54:37 Fortified Wall
[GDL] HANNIBAL
1:22 Loom
3:55 Loom
9:44 Feudal Age
11:07 Fletching
16:13 Horse Collar
21:18 Castle Age
20:24 Double-Bit Axe
21:40 Gold Mining
22:21 Bodkin Arrow
27:33 Town Watch
30:47 Imperial Age
28:45 Bow Saw
30:13 Ballistics
29:40 Man-at-Arms
30:35 Long Swordsman
32:37 Chemistry
31:35 Town Watch
34:14 Conscription
35:47 Masonry
39:23 Scale Mail Armor
39:25 Bracer
41:09 Chain Mail Armor
41:04 Forging
40:56 Padded Archer Armor
44:18 Leather Archer Armor
44:41 Wheelbarrow
45:40 Squires
46:27 Capped Ram
47:29 Heavy Plow
49:21 Elite Genoese Crossbowman
54:53 Plate Mail Armor
57:51 Ring Archer Armor
57:57 Iron Casting
60:12 Two-Man Saw
Connection lost

Rejoining the realm…

Still unreachable

The connection could not be restored.

Session expired

The server has moved on; the page needs a fresh start.